 Dungeon Crawl Stone Soup version 0.28.0-53-g5a82cb258f (webtiles) character file.

Game seed: 7120139232068853704

11551 cbfl8 the Cleaver (level 11, -3/148 HPs)
             Began as a Minotaur Berserker on Aug 3, 2022.
             Was an Elder of Trog.
             Slain by a boulder beetle (18 damage)
             ... on level 12 of the Dungeon.
             The game lasted 00:18:54 (15345 turns).

cbfl8 the Cleaver (Minotaur Berserker)             Turns: 15345, Time: 00:18:55

Health: -3/148     AC: 19    Str: 28    XL:     11   Next: 50%
Magic:  10/10      EV: 15    Int:  4    God:    Trog [****..]
Gold:   557        SH:  0    Dex: 14    Spells: 10/10 levels left

rFire   . . .      SeeInvis .   u - +0 battleaxe
rCold   . . .      Faith    .   (shield currently unavailable)
rNeg    . . .      Spirit   .   v - +0 plate armour
rPois   .          Reflect  .   (helmet restricted)
rElec   .          Harm     .   j - +0 cloak
rCorr   .          Rampage  .   q - +0 pair of gloves
Will    .....                   p - +0 pair of boots
Stlth   ..........              (no amulet)
HPRegen 0.34/turn               c - +6 ring of strength
MPRegen 0.12/turn               E - +4 ring of evasion

@: berserking, slowed
A: horns 2, retaliatory headbutt
a: Renounce Religion, Berserk, Trog's Hand, Brothers in Arms


You were on level 12 of the Dungeon.
You worshipped Trog.
Trog was greatly pleased with you.
You visited 1 branch of the dungeon, and saw 12 of its levels.
You also visited: Ossuary.

You collected 557 gold pieces.

Inventory:

Hand Weapons
 s - the +5 war axe "Byhaulism" {chaos, Fragile Fly Int+2}
   (You found it on level 8 of the Dungeon)

   Each time it hits an enemy it has a different, random effect.
   Int:       It affects your intelligence (+2).
   Fly:       It grants you flight.
   Fragile:   It will be destroyed if unequipped.
 u - a +0 battleaxe (weapon)
Missiles
 o - 2 throwing nets
Armour
 j - a +0 cloak (worn)
 p - a +0 pair of boots (worn)
 q - a +0 pair of gloves (worn)
 v - a +0 plate armour (worn)
Jewellery
 c - a +6 ring of strength (left hand)
 y - a ring of ice
 C - a ring of positive energy
 E - a +4 ring of evasion (right hand)
Wands
 r - a wand of digging (5)
 D - a wand of mindburst (15) (quivered)
 G - a wand of polymorph (5)
Scrolls
 g - 3 scrolls of magic mapping
 k - 2 scrolls of noise
 m - 2 scrolls of enchant armour
Potions
 b - 2 potions of curing
 d - 6 potions of heal wounds
 e - 2 potions of berserk rage
 f - 3 potions of resistance
 i - a potion of degeneration {unknown}
 n - a potion of magic {unknown}
 t - a potion of mutation {unknown}
 w - a potion of flight {unknown}
 x - 2 potions of cancellation {unknown}
 z - 2 potions of haste {unknown}
 A - a potion of lignification {unknown}
 B - a potion of invisibility {unknown}


   Skills:
 * Level 10.1 Fighting
 + Level 12.0 Axes
 + Level 10.8 Armour
 * Level 8.5 Dodging
 + Level 1.8 Stealth
 * Level 6.2 Evocations


You had 10 spell levels left.
You didn't know any spells.
Your spell library was empty.

Dungeon Overview and Level Annotations

Branches:
Dungeon (12/15)            Temple (0/1) D:6            Lair (0/6) D:10
    Orc (0/2) D:12        Ossuary (visited)

Altars:
Cheibriados
Trog
Zin

Annotations:
D:3 3 runed translucent doors, tizbic2's ghost, amateur OgFi
D:5 Sigmund


Innate Abilities, Weirdness & Mutations

You have a pair of horns on your head.
You reflexively headbutt those who attack you in melee.


Message History

You hack one of the 11-headed hydra's heads off!
The ten-headed hydra grows two more!
You slice the 12-headed hydra!!
You feel the power of Trog in you as your rage grows.
You kill the 12-headed hydra!
Trog accepts your kill.
A wraith comes into view.
Your Fighting skill increases to level 10!
The boulder beetle bites you!
* * * LOW HITPOINT WARNING * * *
You hit the boulder beetle but do no damage.
You headbutt the boulder beetle!
The boulder beetle is moderately wounded.
You hit the boulder beetle but do no damage.
You headbutt the boulder beetle, but do no damage.
The boulder beetle is moderately wounded.
The boulder beetle misses you.
You hit the boulder beetle but do no damage.
The boulder beetle is moderately wounded.
You slash the wraith! The boulder beetle bites you!
* * * LOW HITPOINT WARNING * * *
The wraith hits you.
* * * LOW HITPOINT WARNING * * *
The wraith drains your vigour!
You feel yourself slow down.
You slice the wraith!!
You feel the power of Trog in you as your rage grows.
You destroy the wraith!
Trog accepts your kill.
You hit the boulder beetle but do no damage.
The boulder beetle barely misses you.
You slice the boulder beetle!!
You headbutt the boulder beetle, but do no damage.
The boulder beetle is heavily wounded.
The boulder beetle closely misses you.
You slash the boulder beetle! You headbutt the boulder beetle.
The boulder beetle is severely wounded.
The boulder beetle barely misses you.
You slice the boulder beetle!!
The boulder beetle is almost dead.
The boulder beetle bites you!!
You die...

...## ....
...#### .....#
....# ...#
#B.# #@.# +..#
#.. #..# #....
#..# #[...
#..# #....
#..# #....
#..#
#....######..#
#............#


You could see a boulder beetle.

Vanquished Creatures
  A hydra (D:12)
  Erica (D:9)
  Pikel (D:7)
  A manticore (D:11)
  A cyclops (D:10)
  Joseph (D:8)
  A gargoyle (D:11)
  An unseen horror (D:11)
  2 trolls
  2 hornets
  A shadow (D:5)
  3 wraiths
  A wyvern (D:9)
  A vampire (D:12)
  6 yaks
  3 steam dragons
  5 vampire mosquitoes
  Edmund (D:5)
  2 acid dragons
  2 water moccasins (D:8)
  2 ice beasts
  4 orc warriors
  A hornet zombie (D:8)
  2 sky beasts
  A black bear (D:4)
  2 necrophages
  4 ogres
  4 centaurs
  4 kobold brigands
  A phantom (D:5)
  4 water moccasin zombies
  A scorpion (D:5)
  6 killer bees (D:7)
  6 wights
  6 electric eels (D:10)
  5 howler monkeys
  A centaur zombie (D:8)
  A hound (D:5)
  A jelly (D:5)
  2 gnoll shamans
  3 orc priests
  A centaur skeleton (D:6)
  An iguana (D:6)
  4 bullfrog skeletons
  2 orc wizards
  2 mummies (Ossuary)
  Robin (D:2)
  3 howler monkey zombies
  10 gnolls
  4 adders
  2 white imps
  An ufetubus (D:6)
  A worm zombie (D:8)
  6 adder zombies (Ossuary)
  An adder skeleton (D:4)
  A dart slug (D:1)
  22 orcs
  10 endoplasms
  3 giant cockroaches
  4 gnoll zombies (Ossuary)
  12 goblins
  12 hobgoblins
  6 jackals
  2 quokkas (D:1)
  7 ball pythons
  3 bats (D:1)
  A frilled lizard (D:1)
  4 hobgoblin zombies (Ossuary)
  5 kobolds
  7 kobold zombies (Ossuary)
  8 orc zombies (Ossuary)
  3 rats
  A spectral goblin (D:1)
248 creatures vanquished.

Vanquished Creatures (others)
  A yak (D:12)
  An adder (D:6)
  16 plants
18 creatures vanquished.

Grand Total: 266 creatures vanquished

Notes
Turn   | Place    | Note
-------+----------+-------------------------------------------
     0 | D:1      | cbfl8 the Minotaur Berserker began the quest for the Orb.
     0 | D:1      | Reached XP level 1. HP: 19/19 MP: 0/0
   151 | D:1      | Reached XP level 2. HP: 27/27 MP: 1/1
   221 | D:1      | Reached skill level 4 in Axes
   377 | D:1      | You fall into a shaft and drop 1 floor!
   614 | D:2      | Reached XP level 3. HP: 33/33 MP: 2/2
   996 | D:2      | Noticed Robin
  1003 | D:2      | Reached ** piety under Trog
  1013 | D:2      | Killed Robin
  1295 | D:1      | Found a faded altar of an unknown god.
  1793 | D:3      | Reached XP level 4. HP: 33/41 MP: 3/3
  2049 | D:3      | Noticed tizbic2's ghost (amateur OgFi)
  2051 | D:3      | Found a runed translucent gate.
  2051 | D:3      | Found a runed translucent gate.
  2051 | D:3      | Found a runed translucent gate.
  2739 | D:4      | Noticed a kobold brigand
  2742 | D:4      | Noticed a black bear
  2748 | D:4      | Killed a kobold brigand
  2749 | D:4      | Reached skill level 5 in Axes
  2749 | D:4      | Reached skill level 1 in Stealth
  2749 | D:4      | Reached skill level 1 in Evocations
  2749 | D:4      | Reached XP level 5. HP: 46/47 MP: 4/4
  2752 | D:4      | Killed a black bear
  2763 | D:4      | Reached XP level 6. HP: 10/55 MP: 5/5
  3059 | D:4      | Reached skill level 5 in Fighting
  3686 | D:5      | Entered Level 5 of the Dungeon
  3776 | D:5      | Reached XP level 7. HP: 61/61 MP: 6/6
  3815 | D:5      | Reached skill level 6 in Axes
  3887 | D:5      | Noticed a steam dragon
  3893 | D:5      | Killed a steam dragon
  3894 | D:5      | Reached skill level 5 in Armour
  3950 | D:5      | Found a bloodstained altar of Trog.
  4612 | D:5      | Found a snail-covered altar of Cheibriados.
  4612 | D:5      | Noticed a shadow
  4620 | D:5      | Killed a shadow
  4621 | D:5      | Reached skill level 7 in Axes
  4621 | D:5      | Reached XP level 8. HP: 69/70 MP: 7/7
  4844 | D:5      | Noticed Sigmund
  4847 | D:5      | Noticed Edmund
  5028 | D:5      | Killed Edmund
  5029 | D:5      | Reached skill level 5 in Dodging
  5692 | D:6      | Found a staircase to the Ecumenical Temple.
  6023 | D:6      | Reached XP level 9. HP: 40/78 MP: 8/8
  6386 | D:6      | Reached skill level 8 in Axes
  6737 | D:6      | Found a glowing silver altar of Zin.
  6738 | D:6      | Noticed an angel
  7386 | D:7      | Noticed Pikel
  7393 | D:7      | Killed Pikel
  7634 | D:7      | Reached skill level 9 in Axes
  8249 | D:8      | Identified the +5 war axe "Byhaulism" {chaos, Fragile Fly
                  | Int+2}
  8298 | D:8      | Reached XP level 10. HP: 88/88 MP: 9/9
  8298 | D:8      | Reached *** piety under Trog
  8473 | D:8      | Found a sand-covered staircase.
  8482 | Ossuary  | Entered an ossuary
  8604 | Ossuary  | Reached **** piety under Trog
  8766 | D:8      | Reached skill level 5 in Evocations
  9165 | D:8      | Noticed Joseph
  9185 | D:8      | Killed Joseph
  9186 | D:8      | Reached skill level 10 in Axes
  9742 | D:9      | Noticed Erica
  9752 | D:9      | Killed Erica
 10442 | D:10     | Entered Level 10 of the Dungeon
 10656 | D:10     | Reached skill level 11 in Axes
 10932 | D:10     | Found a staircase to the Lair.
 11341 | D:10     | Noticed a cyclops
 11352 | D:10     | Killed a cyclops
 11353 | D:10     | Reached XP level 11. HP: 68/97 MP: 10/10
 12080 | D:10     | Reached skill level 10 in Armour
 12517 | D:11     | Paralysed by a hornet for 1 turns
 14016 | D:12     | Noticed a centaur warrior
 14061 | D:12     | Found a staircase to the Orcish Mines.
 14075 | D:12     | Noticed a deep elf pyromancer
 14859 | D:11     | Reached skill level 12 in Axes
 15323 | D:12     | Noticed a six-headed hydra
 15335 | D:12     | Noticed a boulder beetle
 15337 | D:12     | Killed a 12-headed hydra
 15338 | D:12     | Reached skill level 10 in Fighting
 15345 | D:12     | Slain by a boulder beetle

Illustrated notes

Levels and vault maps discovered:
D:1:      lightli_arrival_flooded_house, layout_loops_cross,
          dreamdust_ecumenical_altar_drowned_temple, minmay_statues_item
D:2:      layout_basic, uniq_robin
D:3:      layout_rooms, ebering_ghost_rock_garden, columned_hall_lemuel,
          minmay_misc_feat_secret_circle
D:4:      layout_cave_pools, hangedman_decor_push, hangedman_feature_mirror,
          kennysheep_generic_room_4
D:5:      layout_rooms, hangedman_feature_mirror, chequers_arboretum,
          sigmund_edmund_badplayer
D:6:      layout_cave_pods, zin_angel, temple_doors_cd
D:7:      layout_loops_ring, uniq_pikel
D:8:      minmay_angry_zag, layout_rooms, enter_ossuary_3, supply_closet_lemuel,
          uniq_joseph
D:9:      layout_roguey, grunt_decor_resistance, uniq_erica
D:10:     cheibrodos_two_vegetables, layout_basic, dpeg_oklobed_lair
D:11:     layout_basic
D:12:     nzn_winding_woodlands_large [nzn_winding_woodlands_hourglass,
          nzn_winding_woodlands_5x15_sidewinder,
          nzn_winding_woodlands_5x5_default,
          nzn_winding_woodlands_center_diamonds,
          nzn_winding_woodlands_15x15_killbox,
          nzn_winding_woodlands_center_garden, nzn_winding_woodlands_5x5_three,
          nzn_winding_woodlands_5x15_jagged,
          nzn_winding_woodlands_5x5_closed_star], layout_irregular_city,
          david_orc_3

Skill      XL: |  1  2  3  4  5  6  7  8  9 10 11 |
---------------+----------------------------------+-----
Fighting       | 4 5 6 7 9 10 | 10.1
Axes           | 4 5 7 9 11 12 | 12.0
Armour         | 3 4 5 7 8 9 10 | 10.8
Dodging        | 3 4 5 6 7 8 |  8.5
Stealth        | 1 |  1.8
Evocations     | 1 2 3 4 5 6 |  6.2

Action                   |  1- 3 |  4- 6 |  7- 9 | 10-12 || total
-------------------------+-------+-------+-------+-------++-------
Melee: Hand axe          |    73 |    69 |   150 |       ||   292
       Headbutt          |    11 |    18 |    43 |    47 ||   119
       Punch             |       |     1 |     3 |       ||     4
       Battleaxe         |       |       |    70 |   265 ||   335
Invok: Berserk           |     1 |     2 |    13 |     7 ||    23
Evoke: Wand              |       |       |       |    13 ||    13
  Use: Scroll            |       |     7 |     5 |     9 ||    21
       Potion            |       |       |       |     8 ||     8
 Stab: Sleeping          |     3 |       |       |       ||     3
Armor: Animal skin       |     6 |       |       |       ||     6
       Chain mail        |    23 |    30 |    73 |       ||   126
       Plate armour      |       |       |    55 |   211 ||   266
Dodge: Dodged            |    31 |    30 |   121 |   225 ||   407
